 Dungeon Crawl Stone Soup version 0.29.0-4-gdea44cf6ec (webtiles) character file.

Game seed: 883635288119891606

1709 qw the Cleaver (level 8, -5/106 HPs)
             Began as a Minotaur Berserker on Sept 8, 2022.
             Was a Believer of Trog.
             Slain by a shadow (20 damage)
             ... on level 6 of the Dungeon.
             The game lasted 00:01:27 (5008 turns).

qw the Cleaver (Minotaur Berserker)                 Turns: 5008, Time: 00:01:28

Health: -5/106     AC: 16    Str: 25    XL:     8   Next: 74%
Magic:  1/7        EV: 10    Int:  1    God:    Trog [**....]
Gold:   120        SH:  0    Dex: 15    Spells: 7/7 levels left

rFire   . . .      SeeInvis .   Y - +1 war axe
rCold   . . .      Faith    .   (no shield)
rNeg    . . .      Spirit   .   o - +0 chain mail
rPois   +          Reflect  .   (helmet restricted)
rElec   .          Harm     .   q - +0 cloak
rCorr   .          Rampage  .   h - +3 Mad Mage's Maulers {Infuse+∞ RegenMP Int-3}
Will    .....                   p - +0 pair of boots
Stlth   ..........              (no amulet)
HPRegen 0.27/turn               l - ring of poison resistance
MPRegen 0.50/turn               a - +6 ring of dexterity

@: berserking, very quick
A: horns 2, retaliatory headbutt
a: Renounce Religion, Berserk, Trog's Hand


You were on level 6 of the Dungeon.
You worshipped Trog.
Trog was pleased with you.
You visited 1 branch of the dungeon, and saw 6 of its levels.

You collected 336 gold pieces.
You spent 216 gold pieces at shops.


Innate Abilities, Weirdness & Mutations

You have a pair of horns on your head.
You reflexively headbutt those who attack you in melee.


   Skills:
 - Level 6.5 Fighting
 + Level 11.0 Axes
 - Level 1.4 Throwing
 - Level 5.5 Armour
 - Level 3.7 Dodging


You had 7 spell levels left.
You didn't know any spells.
Your spell library was empty.

Inventory:

Hand Weapons
 c - a +1 flail of holy wrath
 Y - a +1 war axe (weapon)
Missiles
 n - 2 boomerangs (quivered)
Armour
 h - the +3 Mad Mage's Maulers (worn) {Infuse+∞ RegenMP Int-3}
   (You found it on level 4 of the Dungeon)

   It empowers its wearer's blows with all of their magic.
   It causes its wearer's magical reserves to regenerate more quickly.
   Int:       It affects your intelligence (-3).
 o - a +0 chain mail (worn)
 p - a +0 pair of boots (worn)
 q - a +0 cloak (worn)
Jewellery
 a - a +6 ring of dexterity (right hand)
 e - a ring of fire
 l - a ring of poison resistance (left hand)
Scrolls
 m - a scroll of identify
 r - a scroll of teleportation
Potions
 b - a potion of heal wounds
 d - 7 potions of curing
 g - a potion of resistance
 j - a potion of might {unknown}
 k - a potion of brilliance {unknown}

Dungeon Overview and Level Annotations

Branches:
Dungeon (6/15)
 Temple: D:4-7

Altars:
Kikubaaqudgha
Trog
Vehumet

Shops:
D:3 [


Message History

You hit something.
The shadow strikes at you from the darkness!
The shadow hits you.
You slash the shadow!
You destroy the shadow!
Trog accepts your kill.
You closely miss the shadow.
The orc warrior hits you from afar with a +0 halberd!
The shadow hits you.
Your Armour skill increases to level 5!
You hit the shadow. You headbutt the shadow!
The shadow is heavily damaged.
The orc warrior hits you from afar with a +0 halberd!
The orc drinks a potion.
The orc suddenly seems more resistant.
You closely miss the shadow.
The shadow is heavily damaged.
The shadow hits you.
You hit the shadow.
The shadow is severely damaged.
The orc warrior hits you from afar with a +0 halberd.
You barely miss the shadow.
The shadow is severely damaged.
The shadow hits you.
The orc warrior hits you but does no damage.
You hit the shadow.
The shadow is almost destroyed.
The shadow slips into darkness.
The shadow flickers and vanishes!
Deactivating autopickup; reactivate with Ctrl-A.
The orc warrior hits you with a +0 halberd.
You see here an adder corpse.
You slash the orc warrior! Your headbutt misses the orc warrior.
The orc warrior is heavily wounded.
You slash the shadow imp!
You feel the power of Trog in you as your rage grows.
You kill the shadow imp!
Trog accepts your kill.
You closely miss the orc. You closely miss something.
The shadow strikes at you from the darkness!
You die...

.#...# ...#.#.
#...#.#...... .
...#...#.... ..
........... ....
.#...#....###...
#...#.#..........
...#..o#%.#.#....
.......@.........
.#...#o{.........
#...#(#.......###
...#...#......#
........).....#.#
#########........
###<#.........#.#..
#......)...####....
#................#


You could see an orc warrior and an orc (resistant).

Vanquished Creatures
  Prince Ribbit (D:5)
  Grinder (D:5)
  A shadow (D:6)
  A water moccasin (D:6)
  Duvessa (D:5)
  2 sky beasts
  A black bear (D:6)
  An ogre (D:6)
  A necrophage (D:6)
  A wight (D:6)
  Dowan (D:5)
  2 hounds (D:5)
  3 jellies
  Jessica (D:2)
  An iguana (D:5)
  Natasha (twice) (D:3)
  6 gnolls
  8 adders
  A shadow imp (D:6)
  A white imp (D:5)
  An ufetubus (D:5)
  2 worms
  A dart slug (D:2)
  7 orcs
  8 ball pythons
  6 bats
  3 endoplasms
  A giant cockroach (D:3)
  5 goblins
  3 hobgoblins
  A jackal (D:1)
  3 quokkas
  5 frilled lizards
  8 kobolds
  5 rats
96 creatures vanquished.

Notes
Turn   | Place    | Note
-------+----------+-------------------------------------------
     0 | D:1      | qw the Minotaur Berserker began the quest for the Orb.
     0 | D:1      | Reached XP level 1. HP: 19/19 MP: 0/0
     0 | D:1      | 0 ||| qw: Version: 0.1-a-111-g1c1fd2e
     0 | D:1      | 0 ||| qw: Game counter: 6639
     0 | D:1      | 0 ||| qw: Always use a shield: true
     0 | D:1      | 0 ||| qw: Do Orc after D:15 true
     0 | D:1      | 0 ||| qw: Do second Lair branch before Depths: true
     0 | D:1      | 0 ||| qw: Lair rune preference: random
     0 | D:1      | 0 ||| qw: Plans: Normal
     0 | D:1      | 0 ||| PLANNING D:1-11
    28 | D:1      | 28 ||| Stepping ~*~*~tactically~*~*~ (stealth).
    40 | D:1      | Reached skill level 4 in Axes
    52 | D:1      | Reached XP level 2. HP: 19/26 MP: 1/1
   168 | D:1      | 168 ||| DROPPING +0 club.
   515 | D:1      | 515 ||| UPGRADING to +0 ring mail.
   525 | D:1      | 525 ||| DROPPING +0 animal skin.
   526 | D:1      | 526 ||| UPGRADING to +0 scale mail.
   536 | D:1      | 536 ||| DROPPING +0 ring mail.
   537 | D:1      | 537 ||| UPGRADING to ring of poison resistance.
   538 | D:1      | 538 ||| READING scroll labelled TEUVYHOBAAW.
   541 | D:1      | 541 ||| READING 2 scrolls labelled AXTOCH ISAL.
   542 | D:1      | 542 ||| READING scroll labelled GIMMOE DANATZ.
   543 | D:1      | 543 ||| READING scroll labelled TIOCEI ETUR.
   544 | D:1      | 544 ||| DRINKING 3 orange potions.
   545 | D:1      | 545 ||| DROPPING scroll of noise.
   606 | D:2      | Reached skill level 5 in Axes
   606 | D:2      | Reached XP level 3. HP: 23/31 MP: 2/2
   957 | D:2      | Noticed Jessica
   958 | D:2      | Killed Jessica
   958 | D:2      | Reached ** piety under Trog
  1082 | D:2      | 1082 ||| INVOKING Berserk.
  1085 | D:2      | Reached XP level 4. HP: 39/39 MP: 3/3
  1086 | D:2      | Reached skill level 6 in Axes
  1358 | D:2      | 1358 ||| UPGRADING to +0 pair of boots.
  1363 | D:2      | 1363 ||| READING scroll labelled VOPLAU HISYQ.
  1364 | D:2      | 1364 ||| READING scroll labelled ITHOINEEWN.
  1503 | D:2      | 1503 ||| READING scroll labelled DUSILA OMAZI.
  1504 | D:2      | 1504 ||| READING scroll labelled OSUR ZETWOTA.
  1505 | D:2      | 1505 ||| DRINKING 2 sedimented orange potions.
  1506 | D:2      | 1506 ||| DRINKING 3 viscous coppery potions.
  1507 | D:2      | 1507 ||| DROPPING potion of attraction.
  1508 | D:2      | 1508 ||| DROPPING 2 potions of degeneration.
  1532 | D:3      | 1532 ||| FLEEEEING.
  1533 | D:3      | 1533 ||| FLEEEEING.
  1534 | D:3      | 1534 ||| FLEEEEING.
  1535 | D:3      | 1535 ||| FLEEEEING.
  1536 | D:3      | 1536 ||| FLEEEEING.
  1537 | D:3      | 1537 ||| FLEEEEING.
  1538 | D:3      | 1538 ||| FLEEEEING.
  1539 | D:3      | 1539 ||| FLEEEEING.
  1540 | D:3      | 1540 ||| FLEEEEING.
  1541 | D:3      | 1541 ||| FLEEEEING.
  1542 | D:3      | 1542 ||| STAIRDANCE
  1675 | D:3      | 1675 ||| Stepping ~*~*~tactically~*~*~ (stealth).
  1676 | D:3      | 1676 ||| Stepping ~*~*~tactically~*~*~ (stealth).
  1798 | D:3      | 1798 ||| Stepping ~*~*~tactically~*~*~ (stealth).
  1799 | D:3      | 1799 ||| Stepping ~*~*~tactically~*~*~ (stealth).
  1803 | D:3      | 1803 ||| Stepping ~*~*~tactically~*~*~ (stealth).
  1806 | D:3      | 1806 ||| Stepping ~*~*~tactically~*~*~ (stealth).
  1807 | D:3      | 1807 ||| Stepping ~*~*~tactically~*~*~ (stealth).
  1817 | D:3      | 1817 ||| DROPPING +0 mace.
  1901 | D:3      | Reached XP level 5. HP: 45/45 MP: 4/4
  1925 | D:3      | Noticed Natasha
  1926 | D:3      | 1926 ||| Stepping ~*~*~tactically~*~*~ (stealth).
  1934 | D:3      | Found a bloodstained altar of Trog.
  1937 | D:3      | 1937 ||| Stepping ~*~*~tactically~*~*~ (stealth).
  1939 | D:3      | 1939 ||| Stepping ~*~*~tactically~*~*~ (hiding).
  1943 | D:3      | 1943 ||| INVOKING Berserk.
  1946 | D:3      | Killed Natasha
  1947 | D:3      | Reached skill level 7 in Axes
  2306 | D:3      | Found Kawots's Antique Armour Emporium.
  2312 | D:3      | 2312 ||| BUYING chain mail (108 gold).
  2312 | D:3      | Bought a chain mail for 108 gold pieces
  2312 | D:3      | 2312 ||| BUYING cloak (108 gold).
  2312 | D:3      | Bought a cloak for 108 gold pieces
  2312 | D:3      | 2312 ||| SHOPLISTING embroidered scarf (192 gold, have 23).
  2459 | D:3      | Noticed Natasha
  2463 | D:3      | 2463 ||| INVOKING Berserk.
  2467 | D:3      | Killed Natasha
  2710 | D:3      | 2710 ||| UPGRADING to +0 chain mail.
  2720 | D:3      | 2720 ||| DROPPING +0 scale mail.
  2721 | D:3      | 2721 ||| UPGRADING to +0 cloak.
  2726 | D:3      | 2726 ||| READING scroll labelled SAIKHU ECAA.
  2727 | D:3      | 2727 ||| READING scroll labelled OBIROJ BUAMM.
  2828 | D:3      | 2828 ||| READING 3 scrolls of identify.
  2828 | D:3      | 2828 ||| IDENTIFYING cyan potion
  2829 | D:3      | 2829 ||| READING 2 scrolls of identify.
  2829 | D:3      | 2829 ||| IDENTIFYING coppery potion
  2830 | D:3      | 2830 ||| DROPPING potion of flight.
  2845 | D:4      | 2845 ||| INVOKING Berserk.
  3002 | D:4      | 3002 ||| SWAPPING to +0 war axe.
  3003 | D:4      | 3003 ||| DROPPING +0 hand axe.
  3008 | D:4      | 3008 ||| INVOKING Berserk.
  3118 | D:4      | Found the +3 Mad Mage's Maulers {Infuse+∞ RegenMP Int-3}
  3353 | D:4      | 3353 ||| DROPPING +1 mace of protection.
  3383 | D:4      | Reached XP level 6. HP: 52/52 MP: 5/5
  3491 | D:4      | 3491 ||| UPGRADING to +6 ring of dexterity.
  3492 | D:4      | 3492 ||| READING scroll labelled GIONTE CUDUNWAL.
  3513 | D:5      | Entered Level 5 of the Dungeon
  3530 | D:5      | Reached skill level 8 in Axes
  3562 | D:5      | Found a radiant altar of Vehumet.
  3614 | D:5      | 3614 ||| INVOKING Berserk.
  3727 | D:5      | 3727 ||| DROPPING +0 flail.
  3733 | D:5      | Noticed a sky beast
  3739 | D:5      | Killed a sky beast
  3785 | D:5      | Noticed Grinder
  3785 | D:5      | Paralysed by Grinder for 2 turns
  3787 | D:5      | 3787 ||| INVOKING Trog's Hand.
  3789 | D:5      | 3789 ||| INVOKING Berserk.
  3796 | D:5      | Killed Grinder
  3797 | D:5      | Reached skill level 9 in Axes
  3797 | D:5      | Reached XP level 7. HP: 59/59 MP: 6/6
  3969 | D:5      | Found an ancient bone altar of Kikubaaqudgha.
  4114 | D:5      | Noticed Dowan
  4115 | D:5      | Noticed Prince Ribbit
  4116 | D:5      | 4116 ||| INVOKING Berserk.
  4116 | D:5      | Noticed Duvessa
  4118 | D:5      | Killed Dowan
  4123 | D:5      | Killed Duvessa
  4153 | D:5      | Killed Prince Ribbit
  4154 | D:5      | Reached skill level 10 in Axes
  4180 | D:5      | 4180 ||| Stepping ~*~*~tactically~*~*~ (stealth).
  4279 | D:5      | 4279 ||| INVOKING Berserk.
  4281 | D:5      | Reached skill level 1 in Throwing
  4281 | D:5      | Reached XP level 8. HP: 69/69 MP: 7/7
  4625 | D:5      | 4625 ||| Stepping ~*~*~tactically~*~*~ (stealth).
  4627 | D:5      | 4627 ||| Stepping ~*~*~tactically~*~*~ (stealth).
  4628 | D:5      | 4628 ||| Stepping ~*~*~tactically~*~*~ (stealth).
  4674 | D:5      | 4674 ||| UPGRADING to +3 Mad Mage's Maulers {Infuse+∞
                  | RegenMP Int-3}.
  4679 | D:5      | 4679 ||| READING 3 scrolls of identify.
  4679 | D:5      | 4679 ||| IDENTIFYING fuming pink potion
  4680 | D:5      | 4680 ||| READING 2 scrolls of identify.
  4680 | D:5      | 4680 ||| IDENTIFYING yellow potion
  4681 | D:5      | 4681 ||| DROPPING potion of magic.
  4766 | D:6      | 4766 ||| INVOKING Berserk.
  4768 | D:6      | Reached skill level 6 in Fighting
  4988 | D:6      | 4988 ||| Stepping ~*~*~tactically~*~*~ (hiding).
  4989 | D:6      | 4989 ||| Stepping ~*~*~tactically~*~*~ (stealth).
  4990 | D:6      | 4990 ||| Stepping ~*~*~tactically~*~*~ (hiding).
  4992 | D:6      | 4992 ||| INVOKING Berserk.
  4996 | D:6      | Reached skill level 11 in Axes
  4997 | D:6      | Reached skill level 3 in Dodging
  5003 | D:6      | HP: 21/106 [shadow (6)]
  5008 | D:6      | Slain by a shadow

Levels and vault maps discovered:
D:1:      ncdulo_smallfort, layout_rooms, minmay_pentomino_s4
D:2:      layout_basic, uniq_jessica
D:3:      layout_basic, trog_three_pillars_becter, serial_shops, shop,
          minmay_misc_feat_pillars, minmay_misc_feat_room, st_stairs_5,
          uniq_natasha
D:4:      layout_cave_pools, serial_column_ruins, column_ruins_square_large,
          column_ruins_open_small, column_ruins_columns_straight,
          column_ruins_open_tiny, column_ruins_open_tiny,
          column_ruins_corridor_dead_end
D:5:      layout_basic, mainiacjoe_overflow_brackets, lemuel_tele_altar,
          roderic_lattice_a, uniq_prince_ribbit1, uniq_duvessa, uniq_grinder
D:6:      cheibrodos_fzero, layout_basic

Skill      XL: |  1  2  3  4  5  6  7  8 |
---------------+-------------------------+-----
Axes           | 4 5 6 7 9 10 11 | 11.0
Fighting       | 4 5 6 |  6.5
Armour         | 4 5 |  5.5
Throwing       | 1 |  1.4
Dodging        | 3 |  3.7

Action                   |  1- 3 |  4- 6 |  7- 9 || total
-------------------------+-------+-------+-------++-------
Melee: Hand axe          |    55 |    66 |       ||   121
       Headbutt          |     7 |     9 |     6 ||    22
       War axe           |       |    19 |    53 ||    72
Throw: Boomerang         |     7 |    48 |    22 ||    77
Invok: Berserk           |     1 |     6 |     4 ||    11
       Trog's Hand       |       |     1 |       ||     1
  Use: Scroll            |     4 |     9 |     2 ||    15
       Potion            |     1 |     2 |       ||     3
Armor: Animal skin       |     6 |       |       ||     6
       Scale mail        |     8 |    17 |       ||    25
       Chain mail        |       |    11 |    22 ||    33
Dodge: Dodged            |    20 |    21 |    12 ||    53

Table legend:
 A = Non-vault XP
 B = Vault XP
 C = Vault XP percentage of total XP
 D = Non-vault monster count
 E = Vault monster count
 F = Vault count percentage of total count
                 A         B        C        D         E       F
            +---------+---------+-------+---------+---------+-------
      Total |     929 |    1524 |  62.1 |      76 |      20 |  20.8
            +---------+---------+-------+---------+---------+-------
        D:1 |      20 |       5 |  20.0 |      13 |       3 |  18.8
        D:2 |      51 |      37 |  42.0 |      15 |       1 |   6.2
        D:3 |     109 |      52 |  32.3 |      22 |       4 |  15.4
        D:4 |     106 |       0 |   0.0 |      11 |       0 |   0.0
        D:5 |     355 |     734 |  67.4 |      11 |       4 |  26.7
        D:6 |     288 |     696 |  70.7 |       4 |       8 |  66.7
            +---------+---------+-------+---------+---------+-------
